 Dungeon Crawl Stone Soup version 0.28.0-45-g0d030f2227 (webtiles) character file.

Game seed: 10235643397781573465

60 MisterFreud the Poker (level 4, -3/35 HPs)
             Began as a Merfolk Delver on Apr 13, 2022.
             Engulfed by a steam dragon's steam (9 damage)
             ... on level 4 of the Dungeon.
             The game lasted 00:03:09 (1433 turns).

MisterFreud the Poker (Merfolk Delver)              Turns: 1433, Time: 00:03:10

Health: -3/35      AC:  3    Str: 12    XL:     4   Next: 4%
Magic:  4/4        EV: 12    Int:  9    God:
Gold:   50         SH:  5    Dex: 17    Spells: 3/3 levels left

rFire   . . .      SeeInvis .   a - +0 spear
rCold   . . .      Faith    .   (no shield)
rNeg    . . .      Spirit   .   b - +0 leather armour
rPois   .          Reflect  +   (no helmet)
rElec   .          Harm     .   (no cloak)
rCorr   .          Rampage  .   (no gloves)
Will    .....                   (no boots)
Stlth   +++.......              i - amulet of reflection
HPRegen 0.11/turn               (no ring)
MPRegen 0.09/turn               (no ring)

@: no status effects
A: (nimble swimmer 2), mertail
a: no special abilities


You were on level 4 of the Dungeon.
You visited 1 branch of the dungeon, and saw 2 of its levels.

You collected 50 gold pieces.

Inventory:

Hand Weapons
 a - a +0 spear (weapon)
Armour
 b - a +0 leather armour (worn)
Jewellery
 i - an amulet of reflection (around neck)
Wands
 g - a wand of digging (3)
Scrolls
 c - a scroll of fog
 d - a scroll of magic mapping
 e - a scroll of fear
Potions
 f - a potion of haste
 h - a potion of attraction
 k - a potion of degeneration {unknown}


   Skills:
 - Level 3.2 Fighting
 + Level 6.1 Polearms
 - Level 2.6 Dodging
 - Level 5.4 Stealth


You had 3 spell levels left.
You didn't know any spells.
Your spell library contained the following spells:

 Spells                   Type           Power      Damage    Failure   Level
 Pain                     Necr           0%         1d4       45%         1
 Agony                    Necr           0%         N/A       100%        5
 Excruciating Wounds      Necr           0%         N/A       100%        5


Dungeon Overview and Level Annotations

Branches:
Dungeon (5/15)
 Temple: D:4-7

Altars:
Elyvilon

Shops:
D:5 :


Innate Abilities, Weirdness & Mutations

((You are very nimble when in or above water. (Stealth+, EV+, Speed+++)))
Your lower body shifts to a powerful aquatic tail in water.


Message History

The steam dragon breathes steam at you. The ball of steam hits you!
You hear a bark!
You hear a shout!
A kobold comes into view. It is wielding a +0 short sword.
The giant cockroach misses you. You block the steam dragon's attack.
The steam dragon closely misses you. The giant cockroach bites you.
A gnoll comes into view. It is wielding a +0 spear.
The kobold hits you with a +0 short sword.
The giant cockroach closely misses you.
The giant cockroach is engulfed in a cloud of scalding steam.
The giant cockroach is engulfed in a cloud of scalding steam.
A hound comes into view.
Found a manual of Throwing.
A kobold comes into view. It is wielding a +0 short sword.
The hound moves out of view.
The hound barks!
The steam dragon breathes steam at you.
The ball of steam hits the giant cockroach!
The giant cockroach dies!
The ball of steam misses you.
You hear a shout!
Okay, then.
Unknown command.
Unknown command.
Unknown command.
Unknown command.
Unknown command.
Okay, then.
Unknown command.
Unknown command.
Unknown command.
Unknown command.
Unknown command.
You are engulfed in a cloud of scalding steam.
* * * LOW HITPOINT WARNING * * *
You block the hound's attack. The hound bites you.
* * * LOW HITPOINT WARNING * * *
You barely miss the hound.
You are engulfed in a cloud of scalding steam.
You die...

#######
###.§@h.#
#.D§###..#
#.g#...#..#
#..#K[## ..#
#..#.#.# ...
########.B.###K#
.. #.....§...#.#
#.# .
#.#######.#..#
#.. #####.# #.#
#.# #.


You could see a steam dragon and a hound.

Vanquished Creatures
  A hound (D:5)
  A howler monkey zombie (D:4)
  An adder (D:5)
  A white imp (D:5)
  2 endoplasms (D:4)
6 creatures vanquished.

Vanquished Creatures (others)
  A giant cockroach (D:4)
1 creature vanquished.

Grand Total: 7 creatures vanquished

Notes
Turn   | Place    | Note
-------+----------+-------------------------------------------
     0 | D:5      | MisterFreud the Merfolk Delver began the quest for the Orb.
     0 | D:5      | Reached XP level 1. HP: 18/18 MP: 1/1
    25 | D:5      | Found Qevium's Self-Improvement Boutique.
   107 | D:5      | Noticed a hound
   348 | D:5      | Killed a hound
   349 | D:5      | Reached skill level 5 in Polearms
   349 | D:5      | Reached XP level 2. HP: 10/24 MP: 2/2
   349 | D:5      | Reached XP level 3. HP: 13/29 MP: 3/3
  1308 | D:4      | Reached skill level 6 in Polearms
  1308 | D:4      | Reached XP level 4. HP: 29/35 MP: 4/4
  1418 | D:4      | Noticed a steam dragon
  1433 | D:4      | Engulfed by a steam dragon's steam

Illustrated notes

Levels and vault maps discovered:
D:4:      layout_rooms, mainiacjoe_overflow_tiny_flanked, minmay_manual_mail
D:5:      layout_basic, elyvilon_altar_4, hangedman_decor_push, st_stairs_13,
          nicolae_shop_self_help

Skill      XL: |  1  2  3 |
---------------+----------+-----
Polearms       | 5 6 |  6.1
Fighting       | |  3.2
Dodging        | |  2.6
Stealth        | |  5.4

Action                   |  1- 3 |  4- 6 || total
-------------------------+-------+-------++-------
Melee: Spear             |    60 |     5 ||    65
       Punch             |     1 |       ||     1
  Use: Scroll            |       |     1 ||     1
 Stab: Sleeping          |     2 |     1 ||     3
Armor: Leather armour    |     5 |       ||     5
Dodge: Dodged            |    19 |     4 ||    23
Block: Other             |     3 |     3 ||     6
